 Dungeon Crawl Stone Soup version 0.15.0-18-g9076a4f (webtiles) character file.

161 Medar the Grave Robber (level 5, 0/28 HPs)
             Began as a Tengu Necromancer on Sept 6, 2014.
             Was an Initiate of Okawaru.
             Killed from afar by an orc wizard (6 damage)
             ... with a magic dart
             ... on Level 4 of the Dungeon.
             The game lasted 00:11:42 (3888 turns).

Medar the Grave Robber (Tengu Necromancer)          Turns: 3888, Time: 00:11:43

HP   0/28        AC  1     Str  8      XL: 5   Next: 42%
MP   1/13        EV 15     Int 16      God: Okawaru [......]
Gold 184         SH  0     Dex 15      Spells:  3 memorised,  2 levels left

rFire  . . .     SeeInvis .     a - +3 dagger
rCold  . . .     Clarity  .     h - +0 robe
rNeg   . . .     rCorr    .     (no shield)
rPois  .         rRot     .     (helmet restricted)
rElec  .         Spirit   .     (no cloak)
SustAb .         Warding  .     m - +0 pair of gloves
rMut   .         Stasis   .     (boots unavailable)
Gourm  .                        (no amulet)
MR     .....                    (no ring)
                                o - cursed -2 ring of protection

@: flying quickly and evasively, quick, not resistant to hostile enchantments,
unstealthy
A: able to fly, beak, talons 3
a: Renounce Religion


You were on level 4 of the Dungeon.
You worshipped Okawaru.
Okawaru was noncommittal.
You were not hungry.

You visited 1 branch of the dungeon, and saw 4 of its levels.

You collected 184 gold pieces.

Inventory:

Hand weapons
 a - a +3 dagger (weapon)
 j - a +0 falchion
Armour
 h - a +0 robe (worn)
 m - a +0 pair of gloves (worn)
Comestibles
 c - 3 bread rations
 k - a meat ration
Scrolls
 d - a scroll of immolation
 i - a scroll of identify {unknown}
 p - a scroll of recharging {unknown}
Jewellery
 o - a cursed -2 ring of protection (left hand)
Potions
 e - 2 potions of restore abilities {unknown}
 f - 3 potions of heal wounds {unknown}
 g - a potion of cure mutation {unknown}
 l - a potion of lignification {unknown}
 n - a potion of brilliance {unknown}
 q - a potion of haste {unknown}
Books
 b - a book of Necromancy

   Spells                             Type                      Level
   *Pain                              Necromancy                   1
   Animate Skeleton                   Necromancy                   1
   *Vampiric Draining                 Necromancy                   3
   Regeneration                       Charms/Necromancy            3
   Animate Dead                       Necromancy                   4
   *Control Undead                    Necromancy                   4


   Skills:
 - Level 2.1 Dodging
 - Level 2.0 Stealth
 - Level 3.0 Spellcasting
 + Level 6.5 Necromancy


You had 2 spell levels left.
You knew the following spells:

 Your Spells              Type           Power        Failure   Level  Hunger
c - Vampiric Draining     Necr           ###.......   4%          3    ###....
d - Control Undead        Necr           ###.......   14%         4    #####..
x - Pain                  Necr           ###.         1%          1    #......


Dungeon Overview and Level Annotations

Branches:
Dungeon (4/15)
 Temple: D:4-7

Altars:
Cheibriados
Makhleb
Nemelex Xobeh
Okawaru
Qazlal
Xom
The Shining One

Annotations:
D:3 Grinder
D:4 dadoka's ghost, experienced HOFi


Innate Abilities, Weirdness & Mutations

You can fly.
You have a beak for a mouth.
You have claws for feet.


Message History

The orc wizard gestures wildly while chanting.
The orc wizard seems to speed up.
Casting: Vampiric Draining
Confirm with . or Enter, or press ? or * to list all spells.
Aiming: Pain
Press: ? - help, Shift-Dir - straight line, f - orc
Aim: an orc, wielding a mace and wearing a ring mail The orc convulses in agony!
You kill the orc!
Okawaru accepts your kill. The orc wizard casts a spell at you.
The magic dart hits you!
Your magical contamination has completely faded away.
The orc wizard points at you and mumbles some strange words.
The magic dart hits you!
* * * LOW HITPOINT WARNING * * *
There is an open door, spattered with blood here.
The orc wizard gestures at you while chanting.
The magic dart hits you!
You die...

# #.# ######.##### # #.# #......#
##### ##+## #.####.##### ....###
##...## #..........# ......#
##.....## #..###.###.# #
##..#.###.......## #.......##.# #
#...#.##.........###....#.###.###
.......'.........'......oo..)....
#...#.##........@###....o.....###
#...#.###.......## ##..##.##### #
....#.# ##.....## #####.# #
......# ##...## #.# # #.#####
##'## #.# # #.##########.# #.# #
#.#.......##.# #.# #
#.#.#####.##.## #.# #...
#.#.#####.#...###### #.# #.##


You could see an orc wizard.

Vanquished Creatures
  An orc priest (D:4)
  An iguana (D:4)
  3 adders
  3 worms
  5 giant geckos
  2 orcs (D:4)
  A giant cockroach (D:4)
  7 hobgoblins
  A ball python (D:2)
  11 bats
  2 giant newts
  6 goblins
  2 jackals (D:1)
  A jackal skeleton (D:4)
  4 kobolds
  2 quokkas
  A quokka skeleton (D:4)
  12 rats
65 creatures vanquished.

Notes
Turn   | Place    | Note
--------------------------------------------------------------
     0 | D:1      | Medar, the Tengu Necromancer, began the quest for the Orb.
     0 | D:1      | Reached XP level 1. HP: 10/10 MP: 3/3
   341 | D:1      | Reached XP level 2. HP: 13/15 MP: 3/5
   616 | D:1      | Reached skill level 5 in Necromancy
  1163 | D:1      | Reached XP level 3. HP: 16/19 MP: 4/7
  1590 | D:2      | Learned a level 3 spell: Vampiric Draining
  2161 | D:2      | Reached skill level 6 in Necromancy
  2161 | D:2      | Reached XP level 4. HP: 13/24 MP: 0/8
  2362 | D:3      | Noticed an ogre
  2470 | D:3      | Noticed Grinder
  2758 | D:3      | Found a stormy altar of Qazlal.
  2771 | D:3      | Found a shimmering altar of Xom.
  2771 | D:3      | Found a glowing golden altar of the Shining One.
  2772 | D:3      | Found a snail-covered altar of Cheibriados.
  2772 | D:3      | Found a sparkling altar of Nemelex Xobeh.
  2774 | D:3      | Found an iron altar of Okawaru.
  2780 | D:3      | Found a burning altar of Makhleb.
  2819 | D:3      | Became a worshipper of Warmaster Okawaru
  3046 | D:4      | Noticed dadoka's ghost (experienced HOFi)
  3538 | D:4      | Learned a level 4 spell: Control Undead
  3680 | D:4      | Reached XP level 5. HP: 12/28 MP: 6/13
  3888 | D:4      | Killed from afar by an orc wizard

Action                   |  1- 3 |  4- 6 || total
-------------------------+-------+-------++-------
Melee: Dagger            |       |     6 ||     6
 Cast: Pain              |    66 |    62 ||   128
       Vampiric Draining |       |     4 ||     4
 Abil: Fly               |       |     1 ||     1
  Use: Scroll            |     3 |       ||     3
 Stab: Sleeping          |       |     1 ||     1
  Eat: Chunk             |     5 |     6 ||    11
